 Dungeon Crawl Stone Soup version 0.25.0-11-g1f837a76a1 (webtiles) character file.

Game seed: 5649294377744731635

399 Delamore the Cudgeler (level 6, -9/37 HPs)
             Began as a Gargoyle Fighter on June 24, 2020.
             Mangled by an ogre
             ... wielding a +0 giant club
              (21 damage)
             ... on level 4 of the Dungeon.
             The game lasted 00:03:12 (4410 turns).

Delamore the Cudgeler (Gargoyle Fighter)            Turns: 4410, Time: 00:03:13

Health: -9/37      AC: 14    Str: 21    XL:     6   Next: 84%
Magic:  6/6        EV: 10    Int:  9    God:
Gold:   133        SH:  4    Dex:  9    Spells: 5/5 levels left

rFire    + . .     SeeInvis .   m - +0 whip
rCold    . . .     Gourm    .   l - +0 buckler
rNeg     + . .     Faith    .   y - +2 leather armour {rF+}
rPois    ∞         Spirit   .   (no helmet)
rElec    +         Reflect  .   q - +0 cloak
rCorr    .         Harm     .   (no gloves)
MR       .....                  (no boots)
Stlth    +.........             (no amulet)
HPRegen  0.12/turn              v - +4 ring of slaying
MPRegen  0.10/turn              B - +4 ring of protection (curse)

@: no status effects
A: negative energy resistance 1, electricity resistance, unbreathing,
petrification resistance, rot immunity, AC +4
a: no special abilities


You were on level 4 of the Dungeon.
You were not hungry.

You visited 1 branch of the dungeon, and saw 4 of its levels.

You collected 133 gold pieces.

Inventory:

Hand Weapons
 a - a +0 flail
 m - a +0 whip (weapon)
 A - a +0 mace of holy wrath
Missiles
 o - 6 javelins (quivered)
Armour
 c - a +1 kite shield
 g - a scarf of repulsion
 h - a +0 chain mail
 l - a +0 buckler (worn)
 q - a +0 cloak (worn)
 y - a +2 leather armour of fire resistance (worn)
Jewellery
 v - a +4 ring of slaying (left hand)
 B - a cursed +4 ring of protection (right hand)
Wands
 b - a wand of iceblast (10)
 x - a wand of flame (25)
Scrolls
 i - 5 scrolls of teleportation
 j - a scroll of enchant armour
 k - a scroll of fog {unknown}
 s - a scroll of blinking {unknown}
 t - a scroll of enchant weapon {unknown}
 u - 2 scrolls of amnesia {unknown}
Potions
 d - a potion of might
 e - 3 potions of curing {unknown}
 n - 3 potions of heal wounds {unknown}
 p - a potion of cancellation {unknown}
 r - a potion of haste {unknown}
 w - 2 potions of magic {unknown}
 z - a potion of degeneration {unknown}
 C - a potion of brilliance {unknown}
Comestibles
 f - 5 rations


   Skills:
 - Level 3.2 Fighting
 + Level 7.1 Maces & Flails
 - Level 3.2 Armour
 - Level 3.2 Shields


You had 5 spell levels left.
You didn't know any spells.
Your spell library was empty.

Dungeon Overview and Level Annotations

Branches:
Dungeon (4/15)
 Temple: D:4-7

Altars:
Cheibriados
Fedhas


Innate Abilities, Weirdness & Mutations

You are resistant to torment.
Your stone body is resilient. (AC +4)
You are immune to poison.
You resist negative energy. (rN+)
You are resistant to electric shocks. (rElec)
You can survive without breathing.
You are immune to petrification.
You are immune to rotting.


Message History

You block the orc's attack. The ogre hits you with a +0 giant club.
You hit the ogre.
The ogre is moderately wounded.
The orc completely misses you. The orc hits you but does no damage. x2
You hit the ogre.
The ogre is heavily wounded.
Something hits you but does no damage. The orc closely misses you.
The ogre closely misses you.
You hit the ogre.
The ogre is severely wounded.
Something hits you but does no damage. The orc closely misses you.
You barely miss the ogre.
The ogre is severely wounded.
Something hits you but does no damage. The orc barely misses you.
The ogre hits you with a +0 giant club!
You are too injured to fight recklessly!
You block something's attack.
The ogre hits you with a +0 giant club!!
Ouch! That really hurt!
You die...

.♣.♣ ###.. .♣.♣ ######
#####..... .♣.♣ #....#
#........ .♣.♣
####.######........ [♣.♣
#..#........# <♣.♣
####...###....# .
#♣.♣###.............###..
#..<#>..########.......#
##....### #@oo....##
....### #O.o....... .##.#
#.o.......## . #.#
#.o......... #.#
......?...... #.#
.............. #.#
.......>....... #.
♣..............
#.##...........


You could see an ogre and 5 orcs.

Vanquished Creatures
  An ice beast (D:3)
  A hound (D:4)
  Crazy Yiuf (D:3)
  Ijyb (D:3)
  Natasha (thrice) (D:3)
  6 adders
  An ooze (D:1)
  2 worms (D:3)
  A dart slug (D:3)
  12 leopard geckos
  5 orcs
  2 giant cockroaches
  11 goblins
  5 hobgoblins
  2 jackals
  3 quokkas
  2 ball pythons (D:1)
  9 bats
  2 frilled lizards
  6 kobolds
  5 rats
81 creatures vanquished.

Notes
Turn   | Place    | Note
-------+----------+-------------------------------------------
     0 | D:1      | Delamore the Gargoyle Fighter began the quest for the Orb.
     0 | D:1      | Reached XP level 1. HP: 14/14 MP: 1/1
   136 | D:1      | Reached XP level 2. HP: 18/19 MP: 2/2
   223 | D:1      | Reached skill level 3 in Maces & Flails
   454 | D:1      | Reached XP level 3. HP: 19/23 MP: 3/3
  1324 | D:2      | Reached skill level 4 in Maces & Flails
  1334 | D:2      | Reached XP level 4. HP: 18/28 MP: 4/4
  2254 | D:2      | Found a blossoming altar of Fedhas.
  2254 | D:2      | Found a snail-covered altar of Cheibriados.
  2760 | D:3      | Noticed Natasha
  2765 | D:3      | Killed Natasha
  2765 | D:3      | Reached skill level 5 in Maces & Flails
  2765 | D:3      | Reached XP level 5. HP: 32/32 MP: 5/5
  3071 | D:3      | Noticed Ijyb
  3097 | D:3      | Killed Ijyb
  3218 | D:3      | Found a runed translucent door.
  3219 | D:3      | Noticed Crazy Yiuf
  3305 | D:3      | Noticed Natasha
  3312 | D:3      | Killed Natasha
  3321 | D:3      | Noticed Natasha
  3331 | D:3      | Killed Natasha
  3331 | D:3      | Reached skill level 6 in Maces & Flails
  3331 | D:3      | Reached XP level 6. HP: 37/37 MP: 6/6
  3354 | D:3      | Noticed an ice beast
  3370 | D:3      | Killed an ice beast
  4047 | D:3      | Killed Crazy Yiuf
  4388 | D:4      | Noticed a water elemental
  4402 | D:4      | Reached skill level 7 in Maces & Flails
  4410 | D:4      | Mangled by an ogre

Illustrated notes

Levels and vault maps discovered:
D:1:      eino_arrival_tree_alley, layout_basic
D:2:      minmay_recursive_quarters, layout_basic,
          gammafunk_temple_overflow_pools
D:3:      minmay_razor_zed, layout_loops_corners, first_ration,
          minmay_misc_feat_tiny, uniq_crazy_yiuf_cottage, uniq_ijyb,
          uniq_natasha
D:4:      layout_rooms, nicolae_qazlal_style_of_elements, serial_forest,
          infiniplex_forest_lined_2, infiniplex_forest_straight_3,
          infiniplex_forest_join, infiniplex_forest_clump_diagonal,
          infiniplex_forest_join, infiniplex_forest_clump_curved,
          infiniplex_forest_clump_tiny

Skill      XL: |  1  2  3  4  5  6 |
---------------+-------------------+-----
Maces & Flails | 3 4 5 6 7 |  7.1
Fighting       | |  3.2
Armour         | |  3.2
Shields        | |  3.2

Action                   |  1- 3 |  4- 6 || total
-------------------------+-------+-------++-------
Melee: Flail             |    55 |       ||    55
       Whip              |   110 |   206 ||   316
  Use: Scroll            |       |     3 ||     3
  Eat: Chunk             |       |    11 ||    11
Armor: Scale mail        |    10 |       ||    10
       Chain mail        |    93 |    57 ||   150
       Leather armour    |       |    48 ||    48
Dodge: Dodged            |    45 |    95 ||   140
       Repelled          |     1 |       ||     1
Block: Kite shield       |    80 |       ||    80
       Buckler           |     2 |    41 ||    43
